 Dungeon Crawl Stone Soup version 0.26-a0-490-gf8362a0c98 (webtiles) character file.

Game seed: 3592311635979123495

1783 Murumi the Blocker (level 9, -6/72 HPs)
             Began as a Formicid Fighter on Aug 4, 2020.
             Mangled by a cyclops (19 damage)
             ... on level 6 of the Dungeon.
             The game lasted 00:22:56 (6039 turns).

Murumi the Blocker (Formicid Fighter)               Turns: 6039, Time: 00:22:57

Health: -6/72      AC: 13    Str: 22    XL:     9   Next: 29%
Magic:  9/9        EV:  9    Int: 13    God:
Gold:   244        SH:  8    Dex: 16    Spells: 8/8 levels left

rFire    . . .     SeeInvis +   w - +0 scimitar
rCold    . . .     Faith    .   v - +2 buckler
rNeg     . . .     Spirit   .   u - +0 chain mail "Gegoonev" {Dex+3} (curse)
rPois    .         Reflect  .   (helmet unavailable)
rElec    .         Harm     .   (no cloak)
rCorr    .                      o - +1 pair of gloves
MR       .....                  r - +0 pair of boots
Stlth    ..........             n - amulet of magic regeneration
HPRegen  0.22/turn              f - +6 ring of intelligence
MPRegen  0.36/turn              (no ring)

@: no status effects
A: permanent stasis, dig shafts and tunnels, four strong arms, antennae 3
a: Dig, Shaft Self


You were on level 6 of the Dungeon.
You visited 1 branch of the dungeon, and saw 6 of its levels.

You collected 405 gold pieces.
You spent 161 gold pieces at shops.

Inventory:

Hand Weapons
 w - a +0 scimitar (weapon)
Armour
 c - a +1 kite shield
 j - a +0 plate armour
 o - a +1 pair of gloves (worn)
 r - a +0 pair of boots (worn)
 s - a +0 buckler of fire resistance
 u - the cursed +0 chain mail "Gegoonev" (worn) {Dex+3}
   (You found it on level 4 of the Dungeon)

   It affects your dexterity (+3).
   It has a curse placed upon it.
 v - a +2 buckler (worn)
Jewellery
 f - a +6 ring of intelligence (left hand)
 n - an amulet of magic regeneration (around neck)
Wands
 b - a wand of random effects (10)
 k - a wand of clouds (3)
 l - a wand of polymorph (4)
Scrolls
 h - 3 scrolls of magic mapping
 p - a scroll of amnesia
 y - a scroll of enchant weapon
Potions
 d - a potion of resistance
 e - a potion of magic
 g - 8 potions of curing
 i - a potion of cancellation {unknown}
 m - a potion of flight {unknown}
 q - a potion of brilliance {unknown}
 x - a potion of ambrosia {unknown}


   Skills:
 - Level 7.0 Fighting
 - Level 5.0 Long Blades
 + Level 6.5 Armour
 - Level 2.0 Dodging
 - Level 8.0 Shields
 - Level 3.0 Evocations


You had 8 spell levels left.
You didn't know any spells.
Your spell library was empty.

Dungeon Overview and Level Annotations

Branches:
Dungeon (6/15)
 Temple: D:4-7

Altars:
Cheibriados
Dithmenos
Fedhas
Qazlal
Wu Jian
The Shining One

Shops:
D:5 [

Annotations:
D:2 exclusion: oklob plant
D:5 2 runed translucent doors, iamserjio's ghost, novice GnAK


Innate Abilities, Weirdness & Mutations

You cannot be hasted, slowed, berserked, paralysed or teleported.
You can dig through walls and to a lower floor.
Your four strong arms can wield two-handed weapons with a shield.
You have a pair of large antennae on your head. (SInv)


Message History

The centaur is heavily wounded.
The centaur closely misses you.
You slash the centaur!
You kill the centaur!
You slash the cyclops!
The cyclops is moderately wounded.
You block the cyclops's attack.
You slash the cyclops!
The cyclops is moderately wounded.
You slash the cyclops!
The cyclops is heavily wounded.
The cyclops hits you but does no damage.
You slash the cyclops!
The cyclops is severely wounded.
The cyclops hits you!!
* * * LOW HITPOINT WARNING * * *
You hit the cyclops but do no damage.
The cyclops is severely wounded.
The cyclops hits you!!
You die...

........# .###.##.##
.###.##..# .#...###.## #####
##.#####.c###### #.... ...#
#.........# #.... .###
#.........# #.... ##
#.........### #....
#......(.(#@# #....
#####.(###C## #....
#######(#################....
.C{{.........................
#######.#########.#######....
#.## #.# #.... #..# #.# #....
##.###### #.# #.... #.......#
#.# ####)..?


You could see a cyclops.

Vanquished Creatures
  Eustachio (D:5)
  Duvessa (D:5)
  2 orc warriors
  2 centaurs
  An ogre (D:5)
  Blork the orc (D:4)
  A gnoll sergeant (D:5)
  A bullfrog (D:6)
  Dowan (D:5)
  3 howler monkeys
  A bullfrog zombie (D:6)
  2 jellies (D:5)
  A centaur zombie (D:5)
  4 orc priests
  2 orc wizards (D:5)
  Ijyb (D:4)
  Natasha (thrice) (D:4)
  3 worker ants
  A hound skeleton (D:6)
  A worker ant zombie (D:5)
  3 gnolls (D:2)
  6 adders
  2 howler monkey skeletons (D:5)
  3 shadow imps
  An ufetubus (D:6)
  An adder skeleton (D:4)
  An adder zombie (D:5)
  3 worms
  A dart slug (D:1)
  A leopard gecko (D:2)
  15 orcs
  5 bats
  5 giant cockroaches
  4 goblins
  7 hobgoblins
  6 jackals
  5 frilled lizards
  18 kobolds
  A quokka skeleton (D:5)
  7 rats
128 creatures vanquished.

Notes
Turn   | Place    | Note
-------+----------+-------------------------------------------
     0 | D:1      | Murumi the Formicid Fighter began the quest for the Orb.
     0 | D:1      | Reached XP level 1. HP: 18/18 MP: 1/1
   111 | D:1      | Reached skill level 1 in Dodging
   111 | D:1      | Reached XP level 2. HP: 24/24 MP: 2/2
   137 | D:1      | Reached skill level 4 in Shields
   337 | D:1      | Reached XP level 3. HP: 26/29 MP: 3/3
  1032 | D:2      | Found a blossoming altar of Fedhas.
  1042 | D:2      | Noticed an oklob plant
  1129 | D:2      | Reached XP level 4. HP: 26/37 MP: 4/4
  1936 | D:2      | Reached skill level 1 in Evocations
  1936 | D:2      | Reached XP level 5. HP: 31/42 MP: 5/5
  2161 | D:3      | Found a snail-covered altar of Cheibriados.
  2163 | D:3      | Found a shadowy altar of Dithmenos.
  2164 | D:3      | Found a stormy altar of Qazlal.
  2343 | D:3      | Found an ornate altar of the Wu Jian Council.
  2612 | D:4      | Noticed Blork the orc
  2630 | D:4      | Reached skill level 5 in Shields
  2630 | D:4      | Reached XP level 6. HP: 37/48 MP: 6/6
  2641 | D:4      | Killed Blork the orc
  2982 | D:4      | Noticed Natasha
  2986 | D:4      | Killed Natasha
  3039 | D:4      | Noticed Ijyb
  3057 | D:4      | Killed Ijyb
  3084 | D:4      | Noticed Natasha
  3094 | D:4      | Killed Natasha
  3104 | D:4      | Got a scorched chain mail
  3115 | D:4      | Identified the cursed +0 chain mail "Gegoonev" {Dex+3} (You
                  | found it on level 4 of the Dungeon)
  3384 | D:4      | Noticed Natasha
  3403 | D:4      | Killed Natasha
  3403 | D:4      | Reached skill level 5 in Fighting
  3403 | D:4      | Reached XP level 7. HP: 42/56 MP: 7/7
  3685 | D:5      | Entered Level 5 of the Dungeon
  3723 | D:5      | Noticed Duvessa
  3723 | D:5      | Noticed Dowan
  3780 | D:5      | Killed Duvessa
  3780 | D:5      | Reached skill level 5 in Armour
  3782 | D:5      | Killed Dowan
  3877 | D:5      | Found a large runed translucent door.
  3877 | D:5      | Found a large runed translucent door.
  3879 | D:5      | Noticed iamserjio's ghost (novice GnAK)
  3937 | D:5      | Reached skill level 6 in Shields
  3967 | D:5      | Reached XP level 8. HP: 5/62 MP: 8/8
  4254 | D:5      | Noticed Eustachio
  4280 | D:5      | Reached skill level 7 in Shields
  4301 | D:5      | Killed Eustachio
  4451 | D:5      | Found Yrumev's Armour Shop.
  4457 | D:5      | Bought a +0 buckler of fire resistance for 161 gold pieces
  4606 | D:5      | Reached skill level 5 in Long Blades
  5144 | D:5      | Found a glowing golden altar of the Shining One.
  5409 | D:6      | Reached XP level 9. HP: 66/69 MP: 9/9
  5497 | D:6      | Reached skill level 8 in Shields
  5717 | D:6      | Noticed a cyclops
  6039 | D:6      | Mangled by a cyclops

Illustrated notes

Levels and vault maps discovered:
D:1:      elethiomel_arrival_infinity_welcomes_careful_drivers, layout_rooms,
          columned_hall_lemuel, hangedman_decor_points
D:2:      layout_loops_ring, tgw_fedhas, minmay_small_reverse_x
D:3:      layout_rooms, nicolae_overflow_quartered_altars
D:4:      layout_basic, uniq_ijyb, uniq_natasha, uniq_blork_the_orc
D:5:      cheibrodos_barr_body, layout_rooms, kennysheep_mini_moat,
          ebering_ghost_disaster_area, serial_shops, shop, uniq_eustachio,
          uniq_duvessa
D:6:      layout_basic

Skill      XL: |  1  2  3  4  5  6  7  8  9 |
---------------+----------------------------+-----
Dodging        | 1 2 |  2.0
Shields        | 4 5 6 7 8 |  8.0
Long Blades    | 3 4 5 |  5.0
Fighting       | 4 5 6 7 |  7.0
Armour         | 4 5 6 |  6.5
Evocations     | 2 3 |  3.0

Action                   |  1- 3 |  4- 6 |  7- 9 || total
-------------------------+-------+-------+-------++-------
Melee: Long sword        |    92 |   179 |   239 ||   510
       Scimitar          |       |       |    44 ||    44
 Abil: Dig               |       |     1 |     4 ||     5
Evoke: Wand              |       |       |     1 ||     1
  Use: Scroll            |     3 |    11 |     3 ||    17
       Potion            |       |     1 |     3 ||     4
Armor: Scale mail        |    34 |    50 |       ||    84
       Chain mail        |       |    14 |   109 ||   123
Dodge: Dodged            |    35 |    53 |    82 ||   170
Block: Kite shield       |    50 |   124 |    48 ||   222
       Buckler           |       |       |    57 ||    57
       Rpst.: Long sword |    12 |    23 |    15 ||    50
       Scimitar          |       |       |     2 ||     2

Table legend: (Time is in decaauts)
 A = Elapsed time spent in this place.
 B = Non-inter-level travel time spent in this place.
 C = Inter-level travel time spent in this place.
 D = Time resting spent in this place.
 E = Time spent auto-exploring this place.
 F = Levels seen in this place.
 G = Mean time per level.
                   A        B        C        D        E       F      G
               +--------+--------+--------+--------+--------+-----+--------+
         Total |   6194 |   5730 |    464 |    228 |   4132 |   6 | 1032.3 |
       Dungeon |   6194 |   5730 |    464 |    228 |   4132 |   6 | 1032.3 |
               +--------+--------+--------+--------+--------+-----+--------+

Top non-repeatable levels by time:
     D:5: 1582 daAuts
     D:4: 1265 daAuts
     D:2: 1106 daAuts
     D:1: 988 daAuts
     D:6: 752 daAuts
     D:3: 498 daAuts
